 Dungeon Crawl Stone Soup version 0.13-a0-2207-g455e83b (webtiles) character file.

294 Grabo the Ruinous (level 5, -1/39 HPs)
             Began as a Djinni Conjurer on July 3, 2013.
             Slain by a lemure (3 damage)
             ... summoned by Eustachio
             ... on Level 3 of the Dungeon.
             The game lasted 00:07:06 (2616 turns).

Grabo the Ruinous (Djinni Conjurer)                 Turns: 2616, Time: 00:07:06

HP  -1/39        AC  4     Str  8      XL: 5   Next:  9%
MP   0/0         EV 12     Int 21      God:
Gold 145         SH  0     Dex 14      Spells:  3 memorised,  0 levels left

Res.Fire  : + + +   See Invis. : .   l - +1,+3 sabre (venom)
Res.Cold  : x . .   Warding    : .   a - +0 robe
Life Prot.: + + +   Conserve   : .   (no shield)
Res.Poison: .       Res.Corr.  : .   (no helmet)
Res.Elec. : .       Clarity    : .   s - +1 cloak {darkness}
Sust.Abil.: . .     Spirit.Shd : .   (no gloves)
Res.Mut.  : .       Stasis     : .   (boots unavailable)
Res.Rott. : .       Flight     : .   (no amulet)
Saprovore : . . .                    (no ring)
                                     (no ring)

@: brilliant, slightly resistant to hostile enchantments, unstealthy
A: no striking features
a: Evoke Invisibility


You were on level 3 of the Dungeon.
You were not hungry.

You visited 1 branch of the dungeon, and saw 4 of its levels.

You collected 125 gold pieces.

Inventory:

Hand weapons
 l - a +1,+3 sabre of venom (weapon)
Armour
 a - a +0 robe (worn)
 s - a +1 cloak of darkness (worn)
Magical devices
 n - a wand of enslavement (9) {unknown}
 r - a wand of enslavement (9) {unknown}
Scrolls
 f - a scroll of teleportation {unknown}
 g - a scroll of enchant weapon I {unknown}
 h - 2 scrolls of curse armour {unknown}
 i - 2 scrolls of identify {unknown}
 j - a scroll of remove curse {unknown}
 k - a scroll of blinking {unknown}
 m - 2 scrolls of fog {unknown}
 o - a scroll of curse jewellery {unknown}
 u - a scroll of recharging {unknown}
Potions
 b - a potion of paralysis {unknown}
 d - 2 potions of brilliance
 e - a potion of mutation {unknown}
 q - a potion of heal wounds {unknown}
 t - a potion of might {unknown}
Books
 c - a book of Conjurations

   Spells                             Type                      Level
   *Magic Dart                        Conjuration                  1
   *Force Lance                       Conjuration                  2
   *Dazzling Spray                    Conjuration/Hexes            3
   Iskenderun's Mystic Blast          Conjuration                  4
   Iskenderun's Battlesphere          Conjuration/Charms           4
   Fulminant Prism                    Conjuration/Hexes            5


   Skills:
 - Level 1.7 Dodging
 - Level 1.5 Stealth
 - Level 1.2 Spellcasting
 + Level 7.1 Conjurations


You couldn't memorise any spells.
You knew the following spells:

 Your Spells              Type           Power        Failure   Level  Hunger
a - Magic Dart            Conj           ####         1%          1    ##.....
b - Force Lance           Conj           #####.       1%          2    ###....
c - Dazzling Spray        Conj/Hex       ####....     1%          3    ####...


Dungeon Overview and Level Annotations

Branches:
Dungeon (4/27)             Temple (0/1) D:4

Altars:
Zin
the Shining One

Annotations
D:3 Eustachio
D:4 Duvessa


Message History

The quasit misses you. The quasit closely misses you.
You closely miss Eustachio.
Eustachio is heavily wounded.
The lemure barely misses you. The lemure hits you but does no damage.
The lemure closely misses you. The quasit barely misses you.
The quasit claws you but does no damage.
The quasit closely misses you. Eustachio hits you with a falchion.
* * * LOW HITPOINT WARNING * * *
The rat bites you.
* * * LOW HITPOINT WARNING * * *
You closely miss Eustachio.
Eustachio is heavily wounded.
The lemure closely misses you. The lemure hits you.
* * * LOW HITPOINT WARNING * * *
The lemure misses you. The quasit closely misses you.
The quasit barely misses you. The quasit claws you.
* * * LOW HITPOINT WARNING * * *
The rat closely misses you.
Eustachio drinks a potion.
Eustachio is healed!
The lemure hits you.
You die...

###....##.#......'...'........###
#.....#.##.#####...########.###
##.⌠._#.##.# #..........#.##.
#....#.##.# #..#####...#.##.
##..##.##.#####..# #....#.##.
#####.##........####...##.##.
#.#........b.......)......§
#.#####.###55........######
#.......br@@b....##..#
#######).##5#######..#
#######.<##5.........#
#.(...#.############.#
#.###.#.......# #.# #.#
#.##.####.# #.# #.###.##.# #.#
#.# #)#......# #.# #.#
#.######.## #.# #.#


You could see Eustachio, a quasit, 2 white imps, a lemure, 3 bats and a rat.

Vanquished Creatures
  Crazy Yiuf (D:3)
  An orc priest (D:3)
  4 adders (D:3)
  A worm (D:3)
  A giant gecko (D:3)
  4 orcs (D:3)
  A bat (D:3)
  A giant cockroach (D:2)
  8 goblins
  6 hobgoblins
  5 kobolds
  A quokka (D:2)
  9 jackals
  3 rats (D:3)
  3 toadstools (D:1)
49 creatures vanquished.

Vanquished Creatures (others)
  A toadstool (D:1)
1 creature vanquished.

Grand Total: 50 creatures vanquished

Notes
Turn   | Place    | Note
--------------------------------------------------------------
     0 | D:1      | Grabo, the Djinni Conjurer, began the quest for the Orb.
     0 | D:1      | Reached XP level 1. HP: 14/14 MP: 0/0
   400 | D:1      | Reached XP level 2. EP: 19/21
   408 | D:1      | Learned a level 2 spell: Force Lance
   551 | D:1      | Reached skill level 5 in Conjurations
  1554 | D:3      | Reached XP level 3. EP: 26/26
  1617 | D:3      | Reached skill level 6 in Conjurations
  1617 | D:3      | Reached XP level 4. EP: 15/34
  1774 | D:3      | Noticed Crazy Yiuf
  1794 | D:3      | Killed Crazy Yiuf
  2137 | D:3      | Found a glowing silver altar of Zin.
  2138 | D:3      | Found a glowing golden altar of the Shining One.
  2271 | D:3      | Reached skill level 7 in Conjurations
  2271 | D:3      | Reached XP level 5. EP: 34/39
  2291 | D:3      | Learned a level 3 spell: Dazzling Spray
  2377 | D:4      | Found a staircase to the Ecumenical Temple.
  2377 | D:4      | Noticed Duvessa
  2377 | D:4      | Noticed Eustachio
  2616 | D:3      | Slain by a lemure

Action                   |  1- 3 |  4- 6 || total
-------------------------+-------+-------++-------
Melee: Short sword       |    32 |       ||    32
       Sabre             |    23 |    38 ||    61
 Cast: Magic Dart        |    19 |    37 ||    56
       Force Lance       |       |     3 ||     3
       Dazzling Spray    |       |     1 ||     1
  Use: Potion            |       |     3 ||     3
